 Dungeon Crawl Stone Soup version 0.23-a0-8-gb809bb70e4 (webtiles) character file.

35 IcyTea the Bolt Thrower (level 3, -11/20 HPs)
             Began as a Kobold Arcane Marksman on Aug 1, 2018.
             Shot with an arrow by a centaur (16 damage)
             ... on level 2 of the Dungeon.
             The game lasted 00:06:55 (1645 turns).

IcyTea the Bolt Thrower (Kobold Arcane Marksman)    Turns: 1645, Time: 00:06:56

Health: -11/20     AC:  3    Str:  7    XL:     3   Next: 52%
Magic:  4/4        EV: 15    Int: 15    God:
Gold:   85         SH:  0    Dex: 15    Spells: 1/4 levels left

rFire    . . .     SeeInvis .   b - +0 short sword
rCold    . . .     Gourm    .   (shield restricted)
rNeg     . . .     Faith    .   e - +0 robe
rPois    .         Spirit   .   m - +0 helmet
rElec    .         Reflect  .   (no cloak)
rCorr    .         Harm     .   (no gloves)
MR       .....                  (no boots)
Stlth    +.........             (no amulet)
HPRegen  0.06/turn              (no ring)
MPRegen  0.09/turn              (no ring)

@: no status effects
A: small, carnivore
a: no special abilities


You were on level 2 of the Dungeon.
You were full.

You visited 1 branch of the dungeon, and saw 2 of its levels.

You collected 85 gold pieces.

Inventory:

Hand Weapons
 a - a +0 hand crossbow
 b - a +0 short sword (weapon)
Missiles
 d - 13 bolts
Armour
 e - a +0 robe (worn)
 m - a +0 helmet (worn)
Jewellery
 o - a cursed -3 ring of evasion {unknown}
Scrolls
 g - 2 scrolls of remove curse
 h - a scroll of enchant armour {unknown}
 i - a scroll of magic mapping
 j - a scroll of identify {unknown}
 k - a scroll of fog {unknown}
 l - a scroll of teleportation {unknown}
Potions
 c - a potion of degeneration {unknown}
 n - a potion of magic {unknown}
 p - a potion of might {unknown}
Comestibles
 f - 2 rations


   Skills:
 - Level 1.1 Fighting
 + Level 4.4 Crossbows
 - Level 2.4 Dodging
 - Level 1.1 Spellcasting
 - Level 3.0 Hexes


You had one spell level left.
You knew the following spells:

 Your Spells              Type           Power        Failure   Level  Hunger
a - Corona                Hex            #......      7%          1    ##.....
b - Slow                  Hex            #.......     11%         2    ###....

Your spell library contained the following spells:

 Spells                   Type           Power        Failure   Level  Hunger
 Cause Fear               Hex            #.........   56%         4    #####..
 Portal Projectile        Hex/Tloc       #.....       36%         3    ####...
 Leda's Liquefaction      Hex/Erth       #.........   78%         4    #####..
 Inner Flame              Hex/Fire       #.......     36%         3    ####...


Dungeon Overview and Level Annotations

Branches:
Dungeon (2/15)

Altars:


Innate Abilities, Weirdness & Mutations

You are small and have problems with some larger weapons.
You are carnivorous and can eat meat at any time.


Message History

You shoot a bolt. The bolt hits the frilled lizard.
You kill the frilled lizard!
b - a +0 short sword (weapon)
p - a white potion
d - 9 bolts (gained 1)
d - 11 bolts (gained 2)
d - 12 bolts (gained 1)
d - 13 bolts (gained 1)
Found a stone staircase leading down.
There is a stone staircase leading down here.
A centaur comes into view.
The centaur wields a runed shortbow.
It bursts into flame!
The centaur shoots an arrow.
The arrow hits you!
Ouch! That really hurt!
The arrow burns you.
* * * LOW HITPOINT WARNING * * *
You see here an arrow.
The centaur shoots an arrow.
The arrow hits you!
Ouch! That really hurt!
You die...

######
##....############
.............>...#
##....###...#.##.#
.'..<.+.....#.##.#
##..).##....#.##.#
##....##....#.##.#
.#....##....#.##@#
.##+#####...#+##(##*****
.##....................#
.########.#............#
.# #.#............# .#
#.#............# .#
#.#............#
.########.#........c...#
.#.....##..............#


You could see a centaur.

Vanquished Creatures
  An adder (D:2)
  A worm (D:2)
  A giant cockroach (D:1)
  7 goblins
  2 hobgoblins
  5 bats
  3 frilled lizards
  A kobold (D:2)
  2 rats
23 creatures vanquished.

Notes
Turn   | Place    | Note
-------+----------+-------------------------------------------
     0 | D:1      | IcyTea the Kobold Arcane Marksman began the quest for the Orb.
     0 | D:1      | Reached XP level 1. HP: 12/12 MP: 2/2
    94 | D:1      | Reached skill level 3 in Crossbows
    95 | D:1      | Reached XP level 2. HP: 14/16 MP: 3/3
    99 | D:1      | Learned a level 2 spell: Slow
  1036 | D:2      | Reached skill level 4 in Crossbows
  1036 | D:2      | Reached XP level 3. HP: 5/20 MP: 0/4
  1644 | D:2      | Noticed a centaur
  1645 | D:2      | Shot with an arrow by a centaur

Vault maps used:
D:1:      ebering_trefoil_3fold

Skill      XL: |  1  2 |
---------------+-------+-----
Crossbows      | 3 4 |  4.4
Fighting       | |  1.1
Dodging        | |  2.4
Spellcasting   | |  1.1
Hexes          | |  3.0

Action                   || total
-------------------------++-------
Melee: Club              ||    34
       Short sword       ||    16
 Fire: Hand crossbow     ||    36
 Cast: Corona            ||     2
       Slow              ||     1
  Use: Scroll            ||     2
  Eat: Chunk             ||     7
Armor: Robe              ||    13
Dodge: Dodged            ||    74

Table legend:
 A = Spawn XP
 B = Non-spawn XP
 C = Spawn XP percentage of total XP
 D = Spawn monster count
 E = Non-spawn monster count
 F = Spawn count percentage of total count
 G = Total turns spent on level
                    A         B        C        D         E        F      G
               +---------+---------+-------+---------+---------+-------+---------
         Total |       0 |      50 |   0.0 |       0 |      23 |   0.0 |  1645
               +---------+---------+-------+---------+---------+-------+---------
           D:1 |       0 |      20 |   0.0 |       0 |      13 |   0.0 |   921
           D:2 |       0 |      30 |   0.0 |       0 |      10 |   0.0 |   724
               +---------+---------+-------+---------+---------+-------+---------
